 Dungeon Crawl Stone Soup version 0.20-a0-266-gdedccd6 (webtiles) character file.

1901 terribad the Fighter (level 9, 0/84 HPs)
             Began as a Hill Orc Wizard on Dec 5, 2016.
             Was a Believer of Okawaru.
             Succumbed to a killer bee's poison
             ... on level 8 of the Dungeon.
             The game lasted 00:20:26 (10348 turns).

terribad the Fighter (Hill Orc Wizard)             Turns: 10348, Time: 00:20:27

Health: 0/84       AC:  9    Str: 10    XL:     9   Next: 15%
Magic:  12/13      EV:  4    Int: 18    God:    Okawaru [**....]
Gold:   278        SH:  0    Dex: 12    Spells: 11/12 levels left

rFire  . . .     SeeInvis .     w - +4 trident
rCold  . . .     Gourm    .     x - +0 chain mail
rNeg   . . .     Faith    .     (no shield)
rPois  .         Spirit   .     b - +0 hat
rElec  .         Reflect  .     (no cloak)
rCorr  +         Harm     .     (no gloves)
MR     +....     Clarity  +     p - +0 pair of boots
Stlth  ..........               (no amulet)
                                f - ring of resist corrosion
                                l - ring of stealth

@: lethally poisoned (0 -> -19), drained
A: antennae 1, clarity, magic resistance 1, slow regeneration 1
a: Heroism, Renounce Religion


You were on level 8 of the Dungeon.
You worshipped Okawaru.
Okawaru was pleased with you.
You were very hungry.

You visited 1 branch of the dungeon, and saw 8 of its levels.

You collected 278 gold pieces.

Inventory:

Hand Weapons
 m - a +0 falchion of electrocution
 w - a +4 trident (weapon)
 C - a +0 war axe
Armour
 a - a +0 robe
 b - a +0 hat (worn)
 j - a +0 helmet
 p - a +0 pair of boots (worn)
 x - a +0 chain mail (worn)
Jewellery
 f - a ring of resist corrosion (right hand)
 l - a ring of stealth (left hand)
Wands
 t - a wand of paralysis (9/24)
Scrolls
 e - 5 scrolls of identify
 g - 2 scrolls of teleportation {unknown}
 n - 2 scrolls of fear {unknown}
 o - 2 scrolls of remove curse
 q - 2 scrolls of magic mapping {unknown}
 r - 2 scrolls of enchant armour {unknown}
 s - 2 scrolls of blinking {unknown}
 v - 3 scrolls of random uselessness {unknown}
 y - a scroll of fog {unknown}
 z - a scroll of noise {unknown}
 D - 2 scrolls of immolation {unknown}
Potions
 h - a potion of curing
 k - a potion of brilliance
 F - a potion of ambrosia
Books
 c - a book of Minor Magic

   Spells                             Type                      Level
   a - Magic Dart                     Conjuration                  1
   b - Blink                          Translocation                2
   c - Call Imp                       Summoning                    2
   d - Repel Missiles                 Charms/Air                   2
   e - Slow                           Hexes                        2
   f - Conjure Flame                  Conjuration/Fire             3
   g - Mephitic Cloud                 Conjuration/Poison/Air       3
 A - a book of Misfortune

   Spells                             Type                      Level
   a - Confusing Touch                Hexes                        1
   b - Confuse                        Hexes                        3
   c - Gell's Gravitas                Hexes/Translocation          3
   d - Petrify                        Transmutation/Earth          4
   e - Metabolic Englaciation         Hexes/Ice                    5
   f - Yara's Violent Unravelling     Hexes/Transmutation          5
Comestibles
 d - 6 bread rations
 i - 4 meat rations
 u - 3 fruits


   Skills:
 + Level 9.6(8.9) Fighting
 + Level 9.2(8.5) Axes
 - Level 1.5(1.0) Dodging
 - Level 1.5(1.0) Stealth
 - Level 2.4(1.8) Spellcasting
 - Level 1.0(0.4) Conjurations
   Level 1.0(0.4) Summonings
   Level 0.7(0.1) Translocations
 + Level 5.3(4.7) Invocations


You had 11 spell levels left.
You knew the following spells:

 Your Spells              Type           Power        Failure   Level  Hunger
a - Magic Dart            Conj           #...         100%        1    #......


Dungeon Overview and Level Annotations

Branches:
Dungeon (8/15)             Temple (0/1) D:5
   Lair: D:8-11

Altars:
Okawaru
Xom

Shops:
D:6 (=

Annotations:
D:5 arazyal's ghost, novice OpAs


Innate Abilities, Weirdness & Mutations

You have a pair of small antennae on your head.
You possess an exceptional clarity of mind.
You are resistant to hostile enchantments. (MR+)
You regenerate slowly when monsters are visible.


Message History

You closely miss the killer bee.
The killer bee is heavily wounded.
* * * LOW HITPOINT WARNING * * *
You feel sick. The killer bee barely misses you. The killer bee stings you.
* * * LOW HITPOINT WARNING * * *
Your chain mail prevents you from hitting the killer bee.
The killer bee is heavily wounded.
* * * LOW HITPOINT WARNING * * *
You feel sick.
The killer bee stings you but does no damage.
The killer bee stings you.
* * * LOW HITPOINT WARNING * * *
You puncture the killer bee!
You kill the killer bee!
Okawaru accepts your kill.
* * * LOW HITPOINT WARNING * * *
You feel sick.
The killer bee stings you but does no damage.
You hit the killer bee but do no damage.
You die... ##### #@y.# ###.# #

You could see a killer bee.

Vanquished Creatures
  Edmund (D:5)
  A sky beast (D:6)
  A black bear (D:6)
  2 ogres (D:5)
  A phantom (D:4)
  Blork the orc (D:5)
  2 bullfrogs (D:6)
  3 scorpions
  2 killer bees
  4 wights (D:6)
  A bullfrog zombie (D:5)
  2 crimson imps
  A centaur zombie (D:7)
  2 hounds
  2 centaur skeletons (D:5)
  2 orc priests
  A jelly (D:5)
  An iguana (D:4)
  2 orc wizards
  5 worker ants
  2 howler monkey zombies
  6 adders
  2 shadow imps (D:6)
  3 oozes
  3 worms
  A dart slug (D:2)
  2 leopard geckos
  16 orcs
  A ball python (D:1)
  6 bats
  6 giant cockroaches
  9 goblins
  9 hobgoblins
  12 jackals
  11 kobolds
  2 quokkas
  3 frilled lizards
  A jackal skeleton (D:4)
  A leopard gecko skeleton (D:5)
  7 rats
140 creatures vanquished.

Notes
Turn   | Place    | Note
-------+----------+-------------------------------------------
     0 | D:1      | terribad the Hill Orc Wizard began the quest for the Orb.
     0 | D:1      | Reached XP level 1. HP: 14/14 MP: 3/3
    59 | D:1      | Reached skill level 1 in Fighting
   309 | D:1      | Reached XP level 2. HP: 22/24 MP: 0/5
   440 | D:1      | Found a shimmering altar of Xom.
   564 | D:1      | Found an opulent altar of Gozag.
   564 | D:1      | Found a burning altar of Makhleb.
   566 | D:1      | Found a hide-covered altar of Uskayaw.
   566 | D:1      | Found a deep blue altar of Sif Muna.
   566 | D:1      | Found a shattered altar of Ashenzari.
   924 | D:1      | Reached XP level 3. HP: 26/31 MP: 1/6
  2361 | D:2      | Reached skill level 1 in Axes
  2361 | D:2      | Reached XP level 4. HP: 15/40 MP: 3/7
  3534 | D:3      | Gained mutation: You regenerate slowly when monsters are visible. [potion of mutation]
  3534 | D:3      | Gained mutation: You have a pair of small antennae on your head. [potion of mutation]
  3534 | D:3      | Gained mutation: You are resistant to hostile enchantments. (MR+) [potion of mutation]
  3539 | D:3      | Reached XP level 5. HP: 31/47 MP: 8/8
  3849 | D:3      | Reached skill level 5 in Fighting
  4730 | D:4      | Found an iron altar of Okawaru.
  4731 | D:4      | Noticed a phantom
  4765 | D:4      | Killed a phantom
  4765 | D:4      | Reached XP level 6. HP: 40/57 MP: 9/9
  5976 | D:5      | Entered Level 5 of the Dungeon
  5981 | D:5      | Reached skill level 5 in Axes
  6031 | D:5      | Reached XP level 7. HP: 7/64 MP: 10/10
  6928 | D:5      | Noticed Blork the orc
  6937 | D:5      | Gained mutation: You possess an exceptional clarity of mind. [potion of beneficial mutation]
  6966 | D:5      | Killed Blork the orc
  7472 | D:5      | Reached XP level 8. HP: 22/74 MP: 11/11
  7751 | D:5      | Noticed arazyal's ghost (novice OpAs)
  7952 | D:4      | Became a worshipper of Warmaster Okawaru
  7999 | D:5      | Found a staircase to the Ecumenical Temple.
  8011 | D:5      | Noticed Edmund
  8037 | D:5      | Killed Edmund
  8037 | D:5      | Reached skill level 1 in Invocations
  8528 | D:6      | Found Ucel Faaty's Weapon Boutique.
  8555 | D:6      | Found Mesi's Jewellery Emporium.
  8807 | D:6      | Reached * piety under Okawaru
  9740 | D:6      | Reached XP level 9. HP: 73/84 MP: 12/12
  9805 | D:6      | Reached skill level 5 in Invocations
  9880 | D:7      | Reached ** piety under Okawaru
 10346 | D:8      | HP: 4/84 [killer bee (6)]
 10348 | D:8      | Succumbed to a killer bee's poison

Vault maps used:
D:1:      nicolae_arrival_washed_ashore, st_stairs_8, doesnt_xom_only_xom
D:3:      st_stairs_11
D:4:      first_bread, minmay_misc_feat_enclosed, okawaru_trees_2
D:5:      uniq_edmund, uniq_blork_the_orc
D:6:      serial_shops, shop, shop, nrook_mini_backslash
D:7:      kennysheep_small_circle, uniq_crazy_yiuf_cottage

Skill      XL: |  1  2  3  4  5  6  7  8  9 |
---------------+----------------------------+-----
Fighting       | 1 3 4 5 6 7 9 |  9.6
Axes           | 1 2 4 5 7 8 9 |  9.2
Invocations    | 4 5 |  5.3
Dodging        | |  1.5
Stealth        | |  1.5
Spellcasting   | |  2.4
Conjurations   | |  1.0
Summonings     | |  1.0
Translocations | |  0.7

Action                   |  1- 3 |  4- 6 |  7- 9 || total
-------------------------+-------+-------+-------++-------
Melee: Unarmed           |     6 |       |       ||     6
       Whip              |    49 |       |       ||    49
       Short sword       |    52 |       |       ||    52
       Hand axe          |    33 |   110 |       ||   143
       Trident           |       |    55 |   294 ||   349
       Falchion          |       |    62 |     1 ||    63
 Cast: Magic Dart        |    54 |     4 |       ||    58
  Use: Potion            |       |     5 |     4 ||     9
       Scroll            |       |     3 |     5 ||     8
 Stab: Sleeping          |     6 |       |       ||     6
  Eat: Chunk             |     4 |     8 |    12 ||    24
       Fruit             |     1 |     1 |     1 ||     3
       Pizza             |       |     1 |       ||     1
       Beef jerky        |       |     1 |       ||     1
Armor: Robe              |    42 |    26 |       ||    68
       Chain mail        |       |   115 |   204 ||   319
Dodge: Dodged            |    89 |    74 |    62 ||   225
       Rpst.: Falchion   |       |     7 |       ||     7
